 Dungeon Crawl Stone Soup version 0.31-a0-278-g485e682e34 (webtiles) character file.

Game seed: 17990610088368963969

48 AdnanSaban the Covered (level 3, -1/24 HPs)
             Began as a Gargoyle Fighter on July 16, 2023.
             Frozen to death by an endoplasm (4 damage)
             ... on level 3 of the Dungeon.
             The game lasted 00:02:13 (1389 turns).

AdnanSaban the Covered (Gargoyle Fighter)           Turns: 1389, Time: 00:02:13

Health: -1/24      AC: 10    Str: 21    XL:     3   Next: 72%
Magic:  3/3        EV:  9    Int:  8    God:
Gold:   135        SH:  0    Dex:  9    Spells: 2/2 levels left

rFire   . . .        a - +0 flail
rCold   . . .        c - +0 buckler
rNeg    + . .        b - +0 scale mail
rPois   ∞            (no helmet)
rElec   +            (no cloak)
rCorr   .            (no gloves)
SInv    .            (no boots)
Will    .....        i - amulet of reflection Stlth
                     (no ring)
HPRegen 0.24/turn    (no ring)
MPRegen 0.08/turn

%: reflection
@: confused
A: sickness immunity, AC +3, negative energy resistance 1, electricity
resistance, torment resistance 1, petrification resistance
a: no special abilities


You were on level 3 of the Dungeon.
You visited 1 branch of the dungeon, and saw 3 of its levels.

You collected 135 gold pieces.

Inventory:

Hand Weapons
 a - a +0 flail (weapon)
Armour
 b - a +0 scale mail (worn)
 c - a +0 buckler (worn)
Jewellery
 i - an amulet of reflection (around neck)
 j - an amulet of the acrobat
 m - a +6 ring of dexterity
Scrolls
 e - a scroll of immolation {unknown}
 f - a scroll of silence {unknown}
 g - a scroll of vulnerability {unknown}
 h - 2 scrolls of identify {unknown}
Potions
 d - a potion of might
 k - 2 potions of heal wounds {unknown}
 l - a potion of berserk rage {unknown}


   Skills:
 + Level 3.7 Fighting
 + Level 2.6 Maces & Flails
 + Level 4.0 Armour
 + Level 3.6 Shields


You had 2 spell levels left.
You didn't know any spells.
Your spell library contained the following spells:

 Spells                   Type           Power      Damage    Failure   Level
 Chain Lightning          Conj/Air       0%         N/A       100%        9
 Fire Storm               Conj/Fire      0%         5d1       100%        9
 Shatter                  Erth           0%         3d5*      100%        9


Dungeon Overview and Level Annotations

Branches:
Dungeon (3/15)

Altars:

Shops:
D:1 =   D:3 (


Innate Abilities, Weirdness & Mutations

You are immune to sickness and miasma.
Your stone body is resilient. (AC +3)
You are immune to poison.
You resist negative energy. (rN+)
You are resistant to electric shocks. (rElec)
You are resistant to unholy torment.
You are immune to petrification.


Message History

You block the orc's attack. The endoplasm barely misses you.
Something hits you.
* * * LOW HITPOINT WARNING * * *
Sorry, you're not good enough to have a special ability.
You sock the orc!
You kill the orc!
You block the endoplasm's attack. Something hits you but does no damage.
You barely miss the hobgoblin. You block the endoplasm's attack.
The hobgoblin hits you.
* * * LOW HITPOINT WARNING * * *
You block something's attack.
You hit the hobgoblin but do no damage. You block the endoplasm's attack.
The hobgoblin hits you but does no damage.
Something hits you but does no damage.
The endoplasm hits you but does no damage.
Something hits you but does no damage. The hobgoblin closely misses you.
You barely miss the hobgoblin.
The endoplasm hits you but does no damage.
Something hits you but does no damage. You block the hobgoblin's attack.
You hit the hobgoblin.
You kill the hobgoblin!
You block the endoplasm's attack. Something hits you but does no damage.
You hit the endoplasm.
The endoplasm is lightly wounded.
The endoplasm freezes you.
You are frozen.
* * * LOW HITPOINT WARNING * * *
You hear some strange, mumbled words.
You are confused.
You hear some strange, mumbled words.
A puff of flame appears from out of thin air!
The puff of flame hits you but does no damage.
The endoplasm hits you but does no damage.
You closely miss the endoplasm.
The endoplasm is lightly wounded.
Something hits you but does no damage.
The endoplasm hits you but does no damage.
The endoplasm freezes you.
You are frozen.
You die...

... ...# #..##
###...# .......##
........#
........##
.......@J##########
.......#.{........#
.......#.......∩..#
.......#..........#
.......###.....####
####### #####.#
####.#####
#).......##
#.........#


You could see an endoplasm.

Vanquished Creatures
  4 orcs (D:3)
  7 endoplasms
  2 giant cockroaches
  4 goblins
  2 hobgoblins
  2 jackals (D:1)
  4 quokkas (D:1)
  4 ball pythons
  4 bats
  2 kobolds
  A rat (D:1)
36 creatures vanquished.

Notes
Turn   | Place    | Note
-------+----------+-------------------------------------------
     0 | D:1      | AdnanSaban the Gargoyle Fighter began the quest for the
                  | Orb.
     0 | D:1      | Reached XP level 1. HP: 14/14 MP: 1/1
   142 | D:1      | Reached XP level 2. HP: 17/19 MP: 2/2
   531 | D:1      | Found Zewasast's Jewellery Emporium.
   657 | D:2      | Reached XP level 3. HP: 24/24 MP: 3/3
  1347 | D:3      | Found Vurphathru's Weapon Shop.
  1379 | D:3      | Reached skill level 4 in Armour
  1389 | D:3      | Frozen to death by an endoplasm

Illustrated notes

Levels and vault maps discovered:
D:1:      dpeg_arrival_rhombi, layout_rooms, serial_shops, shop,
          minmay_small_reverse_x
D:2:      layout_loops_ring, kennysheep_generic_room_15
D:3:      layout_basic, serial_shops, shop

Skill      XL: |  1  2  3 |
---------------+----------+-----
Armour         | 4 |  4.0
Fighting       | |  3.7
Maces & Flails | |  2.6
Shields        | |  3.6

Action                     || total
---------------------------++-------
  Melee: Flail             ||   147
 Armour: Scale mail        ||    97
  Dodge: Dodged            ||    73
  Block: Buckler           ||    69

Table legend: (Time is in decaauts)
 A = Elapsed time spent in this place.
 B = Non-inter-level travel time spent in this place.
 C = Inter-level travel time spent in this place.
 D = Time resting spent in this place.
 E = Time spent auto-exploring this place.
 F = Levels seen in this place.
 G = Mean time per level.
                   A        B        C        D        E       F      G
               +--------+--------+--------+--------+--------+-----+--------+
         Total |   1436 |   1400 |     36 |      0 |   1082 |   3 |  478.7 |
       Dungeon |   1436 |   1400 |     36 |      0 |   1082 |   3 |  478.7 |
               +--------+--------+--------+--------+--------+-----+--------+

Top non-repeatable levels by time:
     D:1: 672 daAuts
     D:2: 648 daAuts
     D:3: 115 daAuts
